[Event "*** Titled Tuesday Blitz"]
[Site "Chess.com"]
[Date "2020.04.28"]
[Round "4"]
[White "suyu28"]
[Black "sergiochess83"]
[Result "0-1"]
[WhiteElo "2599"]
[BlackElo "2831"]
[TimeControl "180+1"]
[EndTime "10:40:18 PDT"]
[Termination "sergiochess83 won on time"]

1. d4 Nf6 2. c4 e6 3. Nf3 d5 4.
Nc3 c5 5. cxd5 Nxd5 6. e4 Nxc3 7. bxc3 cxd4 8. cxd4 Bb4+ 9. Bd2 Bxd2+ 10. Qxd2 O-O 11. Bc4 Nd7 12. O-O b6 13. Rfe1 Bb7 14. Rad1 Rc8 15.
Bd3 h6 16. h3 Re8 17. Qf4 Qc7 18. Qh4 Nf8 19. Ne5 Red8 20. Bb1 Nd7 21. Ng4 Nf8 22. e5 Rd7 23. Re3 Ng6 24. Qg3 Rcd8 25. Red3 Be4 26.
Rc3 Qb7 27. Bxe4 Qxe4 28. Re3 Qf4 29. Red3 Rxd4 30. Rxd4 Rxd4 31. Re1 Qxg3 32. fxg3 Rd5 33. Rc1 Nxe5 34. Rc8+ Kh7 35. Nxe5 Rxe5 36. Rc7 Ra5 37. Rxf7 Rxa2 38. Re7 b5 39. Rxe6 b4 40. g4 b3 41. Re7 Ra1+ 42. Kh2 b2 43. Rb7 b1=Q 44. Rxb1 Rxb1 45. h4 a5 46. Kg3 a4 0-1

[Event "*** Titled Tuesday Blitz"]
[Site "Chess.com"]
[Date "2020.04.28"]
[Round "4"]
[White "Embrujada"]
[Black "ItsCheckM8Mate"]
[Result "1-0"]
[WhiteElo "2452"]
[BlackElo "2252"]
[TimeControl "180+1"]
[EndTime "10:40:18 PDT"]
[Termination "Embrujada won by resignation"]

1. b3 e5 2. Bb2 Nc6 3. e3 Nf6 4. Bb5 Bd6 5. Ne2 a6 6. Bxc6 dxc6 7. O-O O-O 8. d4 exd4 9. Nxd4 c5 10. Nf3 Bg4 11.
Nbd2 b5 12. c4 Re8 13. Qc2 Qe7 14. Rfe1 Rad8 15. h3 Bh5 16. Nh4 Qe6 17. Ndf3 Ne4 18. Rad1 g5 19. Rd5 f6 20. Nf5 Bf8 21. g4 Bg6 22. Red1 Nd6 23. Nxg5 fxg5 24. Qc3 Bxf5 25. gxf5 Qh6 26. Kg2 Bg7 27. f6 Ne4 28. Rxd8 Nxc3 29. Rxe8+ Kf7 30. Re7+ Kxf6 31. Rdd7 Kg6 32. Re6+ Bf6 33.
Bxc3 1-0

[Event "*** Titled Tuesday Blitz"]
[Site "Chess.com"]
[Date "2020.04.28"]
[Round "4"]
[White "VitaliyBernadskiy"]
[Black "Zhani-Z"]
[Result "1-0"]
[WhiteElo "2708"]
[BlackElo "2493"]
[TimeControl "180+1"]
[EndTime "10:40:19 PDT"]
[Termination "VitaliyBernadskiy won on time"]

1. d4 Nf6 2. Nc3 d5 3. Bf4 e6 4. Nb5 Na6 5. e3 c6 6. Nc3 Bd6 7. Bxa6 bxa6 8. Nf3 O-O 9. O-O c5 10. Na4 Bxf4 11. exf4 cxd4 12. Qxd4 Qc7 13. Nc5 Nd7 14. Nd3 a5 15. Rfc1 Ba6 16. Nde5 Nxe5 17. Qxe5 Rfc8 18. Qxc7 Rxc7 19. a4 Rb8 20. b3 Kf8 21. Nd4 Rb4 22. c3 Rb8 23. f3 Rc5 24. Kf2 Rbc8 25. Rd1 Rxc3 26. Rd2 g6 27. g4 Rb8 28. Re1 Rb4 29.
Re3 Rxe3 30. Kxe3 Rb6 31. Rc2 Ke7 32. Rc7+ Ke8 33. Rxa7 Bf1 34. Rxa5 h6 35. Ra8+ Ke7 36.
a5 Rb7 37. b4 1-0

[Event "*** Titled Tuesday Blitz"]
[Site "Chess.com"]
[Date "2020.04.28"]
[Round "4"]
[White "CaspiIsrael"]
[Black "Corpescador"]
[Result "1-0"]
[WhiteElo "2632"]
[BlackElo "2353"]
[TimeControl "180+1"]
[EndTime "10:40:19 PDT"]
[Termination "CaspiIsrael won on time"]

1. e4 c5 2. Nf3 d6 3. d4 cxd4 4. Nxd4 Nf6 5. Nc3 a6 6. f3 e5 7.
Nb3 Be6 8. Be3 h5 9. Nd5 Bxd5 10. exd5 Nbd7 11. Qd2 g6 12. O-O-O Rc8 13. Kb1 Nb6 14. c4 Nxc4 15. Bxc4 Rxc4 16. Na5 Ra4 17. Nxb7 Qc7 18. Qc2 Rc4 19. Qb3 Be7 20. Rc1 Rxc1+ 21. Rxc1 Qd7 22. Na5 O-O 23. Nc6 Re8 24. a3 Bf8 25. Ka1 e4 26.
Bd4 Bg7 27. fxe4 Rxe4 28. Qf3 Qf5 29. Qxf5 gxf5 30. Rf1 f4 31. Bxf6 Bxf6 32. Rf2 h4 33. h3 Kg7 34. Ka2 Kg6 35. Kb3 Kf5 36. a4 Re3+ 37. Ka2 Ke4 38. Nb4 Bd4 39. Nxa6 Re1 40. Rc2 Kd3 41. Nb4+ Ke4 42. a5 Bc5 43. a6 Kf5 44. Nd3 Re4 45. Nxc5 dxc5 46. b3 Rd4 47. a7 1-0

[Event "*** Titled Tuesday Blitz"]
[Site "Chess.com"]
[Date "2020.04.28"]
[Round "4"]
[White "Taran2004"]
[Black "MasterKroket"]
[Result "0-1"]
[WhiteElo "2083"]
[BlackElo "2396"]
[TimeControl "180+1"]
[EndTime "10:40:19 PDT"]
[Termination "MasterKroket won by resignation"]

1. e4 c5 2. Nc3 Nc6 3. g3 g6 4. Bg2 Bg7 5. d3 d6 6. Be3 e6 7.
Qd2 Rb8 8. a4 Nd4 9. h4 h6 10.
Nge2 Ne7 11. f4 Nec6 12. O-O Nxe2+ 13. Qxe2 Nd4 14. Qd2 Bd7 15. Ne2 Nxe2+ 16. Qxe2 Bxb2 17. Rab1 Bg7 18. f5 gxf5 19. exf5 Be5 20. fxe6 Bxe6 21.
Bf4 Bxf4 22. gxf4 Kf8 23. f5 Bd7 24. f6 Rg8 25. Kh2 Rg6 26. Be4 Rxf6 27. Qh5 Bc6 28. Bg6 Kg7 29. Bxf7 Qe7 30. Bg6 Rxg6 31. Rbe1 Rg2+ 32.
Kh3 Qd7+ 33. Rf5 Rf8 34. Rf1 Rxf5 35. Qxf5 Qxf5+ 36. Rxf5 Bd7 37. Kxg2 Bxf5 38. Kf3 Be6 39. Kf4 d5 40. c3 c4 41. dxc4 dxc4 42. Ke5 Bd7 43.
a5 b6 44. axb6 axb6 45. Kd6 Be8 46. Ke7 Ba4 47. Kd6 b5 48. Kc5 Kg6 49. Kb4 Kh5 50. Kc5 Kxh4 0-1

[Event "*** Titled Tuesday Blitz"]
[Site "Chess.com"]
[Date "2020.04.28"]
[Round "4"]
[White "Dynamikus"]
[Black "JoakimVonAnd"]
[Result "1-0"]
[WhiteElo "2768"]
[BlackElo "2523"]
[TimeControl "180+1"]
[EndTime "10:40:21 PDT"]
[Termination "Dynamikus won on time"]

1. e4 c6 2. d4 d5 3. Nd2 dxe4 4. Nxe4 Bf5 5. Ng3 Bg6 6. Nf3 Nf6 7. Bc4 e6 8. O-O Nbd7 9. Re1 Bd6 10. Nh4 O-O 11.
Nxg6 hxg6 12. c3 Qc7 13. Qf3 Rad8 14. Bg5 a6 15. Bb3 c5 16. Rad1 cxd4 17. cxd4 Rc8 18. h4 Qc6 19. d5 exd5 20. h5 gxh5 21. Nxh5 Ne4 22. Bxd5 Nxg5 23. Qg4 Qc2 24. Qxg5 Qxb2 25. Rd2 Qc3 26. Red1 Rc5 27. Qg4 Qe5 28. g3 Nb6 29. Re2 Qc3 30. Bb3 Bb8 31. Rc2 1-0

[Event "*** Titled Tuesday Blitz"]
[Site "Chess.com"]
[Date "2020.04.28"]
[Round "4"]
[White "kosmeg"]
[Black "verdest"]
[Result "0-1"]
[WhiteElo "2385"]
[BlackElo "2586"]
[TimeControl "180+1"]
[EndTime "10:40:21 PDT"]
[Termination "verdest won on time"]

1. d4 Nf6 2. c4 e6 3. g3 d5 4. Bg2 Bb4+ 5. Nd2 O-O 6. Nf3 b6 7. O-O Bb7 8. Ne5 Nbd7 9. Qa4 Bxd2 10. Bxd2 Nxe5 11. dxe5 Nd7 12. Bc3 Nc5 13. Qc2 Ne4 14.
Rfd1 Qe7 15. Rac1 Rfd8 16. b4 Rac8 17. a3 h6 18. Bb2 c5 19. f3 Ng5 20. h4 Nh7 21. f4 d4 22. Bxb7 Qxb7 23. Kf2 h5 24.
Qd3 Nf8 25. Qf3 Qxf3+ 26. Kxf3 Ng6 27. e3 dxe3 28. Rxd8+ Rxd8 29. Kxe3 Ne7 30. bxc5 Nf5+ 31. Kf3 bxc5 32. Rc3 Rd2 33. Bc1 Nd4+ 34. Ke3 Re2+ 35. Kd3 Rg2 36. Be3 Rxg3 37. Kd2 Rg2+ 38. Kd3 Rg3 39.
Ke4 Nf5 0-1

[Event "*** Titled Tuesday Blitz"]
[Site "Chess.com"]
[Date "2020.04.28"]
[Round "4"]
[White "wild_cat99"]
[Black "MatijaOlimpiakosIvic"]
[Result "1/2-1/2"]
[WhiteElo "2561"]
[BlackElo "2763"]
[TimeControl "180+1"]
[EndTime "10:40:22 PDT"]
[Termination "Game drawn - insufficient material"]

1. Nf3 Nf6 2. c4 c5 3. Nc3 Nc6 4. d4 cxd4 5. Nxd4 g6 6. e4 Bg7 7. Be3 O-O 8. f3 d6 9. Nc2 Be6 10. Qd2 Rc8 11. Rc1 Qa5 12. Na3 Nd7 13. Be2 f5 14. exf5 Bxf5 15. O-O Nde5 16. Qd5+ Qxd5 17. Nxd5 Nd7 18. b3 Bb2 19. Nb5 Bxc1 20. Rxc1 a6 21. Nd4 Nxd4 22. Bxd4 Kf7 23. b4 b5 24. c5 dxc5 25.
bxc5 e5 26. Be3 Be6 27. Nb4 a5 28. Nd3 Bc4 29. Kf1 Rfd8 30. Nb2 Bxe2+ 31. Kxe2 Rc6 32. Nd3 Rdc8 33. Rd1 Ke6 34. Rc1 b4 35. Kd2 Nf6 36. Bg5 Nd7 37. Be3 Nf6 38. Bg5 e4 39. Re1 Rd8 40.
fxe4 Rxc5 41. e5 Rxd3+ 42. Kxd3 Nd7 43. Bf4 Rc3+ 44. Kd4 Rc2 45. Rc1 Rxc1 46. Bxc1 Nxe5 47. Bd2 Nf7 48. Kc5 Nd6 49. Kb6 Nc4+ 50. Ka6 Nxd2 51. Kxa5 b3 52. axb3 Nxb3+ 53. Kb4 Kf5 54. Kxb3 Kf4 55.
Kc4 Ke3 56. Kd5 Kf2 57. g4 Kg2 58. g5 Kh3 59. Ke6 Kg4 60. Kf6 Kh5 61. Kg7 Kxg5 62. Kxh7 Kh4 63. Kxg6 Kh3 64. Kh5 Kxh2 1/2-1/2

[Event "*** Titled Tuesday Blitz"]
[Site "Chess.com"]
[Date "2020.04.28"]
[Round "4"]
[White "stasiek18"]
[Black "Ranindu2003"]
[Result "0-1"]
[WhiteElo "2340"]
[BlackElo "2538"]
[TimeControl "180+1"]
[EndTime "10:40:22 PDT"]
[Termination "Ranindu2003 won by resignation"]

1. d4 Nf6 2. Bg5 d5 3. Bxf6 exf6 4. e3 Bd6 5. g3 O-O 6. Bg2 Be6 7. Ne2 c6 8. O-O Nd7 9. b3 Re8 10. Qd3 c5 11. c4 dxc4 12. bxc4 cxd4 13. exd4 Nb6 14. d5 Bg4 15. Nbc3 Rc8 16. Rab1 Qd7 17. Rxb6 axb6 18. Nd4 Be5 19. Ncb5 Bh5 20. f4 Bxd4+ 21. Qxd4 Be2 22. Rc1 Bxc4 23. Na7 Ra8 24. Qxb6 Bxd5 25. Rd1 Qg4 26. Rxd5 Re1+ 27. Bf1 Rxf1+ 28. Kxf1 Qf3+ 29. Kg1 Qxd5 30. Nb5 Rd8 31. h4 Qd1+ 32. Kh2 h5 33. Qxb7 Rd2+ 34. Kh3 Qf1+ 0-1

[Event "*** Titled Tuesday Blitz"]
[Site "Chess.com"]
[Date "2020.04.28"]
[Round "4"]
[White "manmanlai1"]
[Black "SergioGarciaFuentes"]
[Result "1-0"]
[WhiteElo "2299"]
[BlackElo "2069"]
[TimeControl "180+1"]
[EndTime "10:40:22 PDT"]
[Termination "manmanlai1 won on time"]

1. e4 c5 2. Nf3 e6 3. d4 cxd4 4. Nxd4 Nc6 5. Nc3 a6 6. Be3 Nf6 7. Bd3 Qc7 8. O-O b5 9. Nxc6 Qxc6 10. f3 Bc5 11. Qe1 O-O 12. Kh1 Bxe3 13. Qxe3 Bb7 14. e5 Ne8 15. Ne4 d6 16. Ng5 g6 17. Be4 Qc7 18. Bxb7 Qxb7 19. exd6 Nxd6 20. Rad1 Nf5 21. Qf4 Rad8 22. Ne4 Qb8 23. Qg5 Rxd1 24. Rxd1 Qe5 25. c3 f6 26. Qd2 Qc7 27. Qd7 Qxd7 28. Rxd7 Rf7 29. Rd8+ Kg7 30. Kg1 Ne3 31. Nc5 Re7 32. Nxa6 Ra7 33. Nb4 Nc4 34. b3 Na3 35. Kf2 Rc7 36.
Rd3 Nb1 37. Rd6 Nxc3 38. Rxe6 1-0

[Event "*** Titled Tuesday Blitz"]
[Site "Chess.com"]
[Date "2020.04.28"]
[Round "4"]
[White "walkingcreep"]
[Black "chessablanca"]
[Result "1-0"]
[WhiteElo "2650"]
[BlackElo "2446"]
[TimeControl "180+1"]
[EndTime "10:40:23 PDT"]
[Termination "walkingcreep won by resignation"]

1. d4 Nf6 2. c4 e6 3. Nc3 Bb4 4. g3 O-O 5. Bg2 d5 6. Nf3 Nbd7 7. O-O c6 8. Qb3 Bd6 9. Nd2 c5 10. cxd5 cxd4 11. Nce4 Nc5 12. Nxc5 Bxc5 13. dxe6 Bxe6 14. Qxb7 Rb8 15. Qa6 Qe7 16. a3 Rfd8 17. b4 Bb6 18. Qd3 g6 19. Nc4 Bf5 20. Qd1 Rbc8 21. Nxb6 axb6 22.
Bg5 Qd6 23. Rc1 Rxc1 24. Qxc1 Rc8 25. Qf4 Qe6 26. Qxd4 Ne4 27. Bh6 f6 28. g4 Nd6 29.
gxf5 Nxf5 30. Qd2 Kh8 31. Bf4 Nh4 32. Bg3 Nf5 33. Qf4 g5 34. Qe4 Qd7 35. Qd5 Qxd5 36.
Bxd5 Rc2 37. Be6 Nd4 38. Be5 fxe5 39. e3 Ne2+ 40. Kg2 Nc3 41. Re1 Rd2 42. e4 Rd1 43. Re3 Rd2 44. Rxc3 Rd3 45. Rxd3 1-0

[Event "*** Titled Tuesday Blitz"]
[Site "Chess.com"]
[Date "2020.04.28"]
[Round "4"]
[White "serhanberat_ozdemir"]
[Black "AlexZambrano"]
[Result "0-1"]
[WhiteElo "2489"]
[BlackElo "2351"]
[TimeControl "180+1"]
[EndTime "10:40:23 PDT"]
[Termination "AlexZambrano won by resignation"]

1. e4 d5 2. exd5 Qxd5 3. Nc3 Qd6 4. Nf3 Bg4 5. g3 c6 6. Bg2 Nf6 7. d4 e6 8. O-O Qc7 9. Bf4 Bd6 10. Bxd6 Qxd6 11.
h3 Bxf3 12. Bxf3 Nbd7 13. Qd2 O-O 14. Rad1 Qb4 15. b3 Rad8 16. Ne4 Qxd2 17. Rxd2 Nxe4 18.
Bxe4 Nf6 19. Bf3 Rd7 20. Rfd1 Rfd8 21. Kf1 e5 22. c3 exd4 23. Rxd4 Rxd4 24. Rxd4 Rxd4 25.
cxd4 Kf8 26. g4 Ke7 27. g5 Nd5 28. h4 Nf4 29. Ke1 f6 30. Be4 fxg5 31. hxg5 g6 32. a4 Nh3 33. d5 cxd5 34. Bxd5 b6 35. Bg8 Nxg5 36. f4 Nh3 37. f5 gxf5 38. Bxh7 Kf6 39.
Bg8 Ke5 40. Ke2 Nf4+ 41. Kf3 Nd3 42. Bc4 Nc5 43. Ke3 a5 44. Kd2 Kd4 45. Bf1 Nxb3+ 46. Kc2 Nc5 0-1

[Event "*** Titled Tuesday Blitz"]
[Site "Chess.com"]
[Date "2020.04.28"]
[Round "4"]
[White "1Przemyslaw1"]
[Black "levallem"]
[Result "1-0"]
[WhiteElo "2407"]
[BlackElo "2211"]
[TimeControl "180+1"]
[EndTime "10:40:23 PDT"]
[Termination "1Przemyslaw1 won by resignation"]

1. Nf3 d5 2. d4 Nf6 3. c4 c6 4.
Qc2 e6 5. g3 Nbd7 6. Bg2 b6 7.
O-O Bb7 8. Rd1 Ne4 9. b3 f5 10. Ba3 Bxa3 11. Nxa3 O-O 12. Rac1 Rc8 13. Qb2 f4 14. Nb1 fxg3 15. hxg3 Ndf6 16. Rf1 Ng4 17. Nbd2 c5 18. Nxe4 dxe4 19. Ne5 Nxe5 20. dxe5 Qc7 21.
Rcd1 Rcd8 22. Qc3 Rxd1 23. Rxd1 Rf5 24. Rd6 h5 25. Bh3 Rg5 26. Bxe6+ Kh7 27. Rd7 Qc6 28.
Qd2 Rxe5 29. Bd5 Qxd7 30. Bg8+ Kxg8 31. Qxd7 e3 32. Qxb7 exf2+ 33. Kxf2 Rf5+ 34. Kg2 Rf6 35. Qxa7 Rg6 36. Kh3 Kh7 37. a4 Re6 38. a5 bxa5 39.
Qxc5 Rxe2 40. Qxh5+ Kg8 41. Qxe2 1-0

[Event "*** Titled Tuesday Blitz"]
[Site "Chess.com"]
[Date "2020.04.28"]
[Round "4"]
[White "robertofabregas"]
[Black "karwowskikacper"]
[Result "0-1"]
[WhiteElo "2117"]
[BlackElo "2335"]
[TimeControl "180+1"]
[EndTime "10:40:25 PDT"]
[Termination "karwowskikacper won by resignation"]

1. d4 Nf6 2. Bf4 d6 3. e3 g6 4. c3 Bg7 5. h3 O-O 6. Nd2 Nbd7 7. Bh2 e5 8. Ngf3 Qe7 9. Qb3 b6 10. Be2 e4 11. Ng5 Bb7 12. h4 h6 13. Nh3 Ne8 14. Nf4 Kh7 15. O-O-O a5 16. Qc2 a4 17. a3 c5 18. f3 cxd4 19. exd4 e3 20. Ne4 d5 21. Ng3 h5 22. Nfxh5 Bh6 23. Nf1 Kg8 24. Nhg3 Ba6 25. Bxa6 Rxa6 26. Re1 e2+ 27. Nd2 b5 28. Rxe2 Qxh4 29. Rhe1 Qxh2 30. Rxe8 Qxg3 31. R8e7 Nf6 32. Kb1 Bg7 33. Nf1 Qd6 34. Qd2 Raa8 35. Qg5 Rae8 36. R7e5 Nh7 37. Qg3 Bxe5 38. dxe5 Qe6 39. f4 Qf5+ 40.
Ka1 f6 41. Ne3 Qd3 42. Ng4 Qxg3 43. Nh6+ Kg7 0-1

[Event "*** Titled Tuesday Blitz"]
[Site "Chess.com"]
[Date "2020.04.28"]
[Round "4"]
[White "Schachmalanders"]
[Black "szefru"]
[Result "1-0"]
[WhiteElo "2326"]
[BlackElo "2116"]
[TimeControl "180+1"]
[EndTime "10:40:25 PDT"]
[Termination "Schachmalanders won by resignation"]

1. e4 Nf6 2. e5 Nd5 3. d4 d6 4. c4 Nb6 5. exd6 exd6 6. Bd3 Be7 7. Ne2 O-O 8. O-O Bf6 9. Nbc3 Nc6 10. Be3 Bg4 11. f3 Bh5 12. b3 Bg6 13. Rc1 Re8 14. Bf2 Bxd3 15. Qxd3 Nb4 16. Qd2 a5 17. Ng3 g6 18. a3 Nc6 19. Rfe1 Qd7 20. Nb5 Rxe1+ 21. Rxe1 a4 22. Ne4 Bg7 23. c5 dxc5 24. Nxc5 Qc8 25. b4 Nc4 26. Qd3 Nd6 27. h3 Nxb5 28. Qxb5 Nxd4 29.
Qc4 Nf5 30. Rd1 Nd6 31. Qc2 b6 32. Ne4 Qf5 33. Qc6 Rd8 34. Qxa4 Be5 35. Qc6 Rf8 36. Nxd6 Bxd6 37. Qe4 Qf6 38. Bd4 Qg5 39. Bb2 Qg4 40. hxg4 1-0

[Event "*** Titled Tuesday Blitz"]
[Site "Chess.com"]
[Date "2020.04.28"]
[Round "4"]
[White "Shoytan"]
[Black "Zkid"]
[Result "0-1"]
[WhiteElo "2588"]
[BlackElo "2805"]
[TimeControl "180+1"]
[EndTime "10:40:26 PDT"]
[Termination "Zkid won by resignation"]

1. e4 e6 2. d4 d5 3. Nc3 Bb4 4.
e5 c5 5. a3 Bxc3+ 6. bxc3 Qa5 7.
Bd2 Qa4 8. Nf3 b6 9. Bd3 Ba6 10. O-O Bxd3 11. cxd3 Qxd1 12. Rfxd1 Nd7 13. dxc5 Nxc5 14. Be3 Nd7 15. a4 Ne7 16. a5 b5 17.
a6 O-O 18. Rdb1 Rfb8 19. Nd4 b4 20. Rxb4 Rxb4 21. cxb4 Nxe5 22. Nb5 N7c6 23. Ra3 Nxb4 24. Bxa7 Nexd3 25. Be3 Rxa6 26. Rxa6 Nxa6 27. Kf1 e5 28. Ke2 Ndc5 29. f4 f6 30. Nd6 d4 31. Bf2 Nb4 32.
g4 d3+ 33. Kd1 Nb3 34. fxe5 fxe5 35. Ne4 Nd5 36. h3 Kf7 37. Bg3 Ne3+ 38. Ke1 Nc4 39.
Kd1 Ke6 40. Bf2 Nd6 41. Nc3 Nc4 42. Ne4 Kd5 43. Nc3+ Kc6 44. Ne4 Nd6 45. Nc3 Nb5 46.
Ne4 Kd5 47. Nd2 Nc3+ 48. Ke1 Nxd2 49. Kxd2 Ne4+ 50. Kxd3 Nxf2+ 51. Ke3 Nxh3 0-1

[Event "*** Titled Tuesday Blitz"]
[Site "Chess.com"]
[Date "2020.04.28"]
[Round "4"]
[White "Kaponov"]
[Black "talaicito"]
[Result "1-0"]
[WhiteElo "2110"]
[BlackElo "2275"]
[TimeControl "180+1"]
[EndTime "10:40:26 PDT"]
[Termination "Kaponov won on time"]

1. g3 e5 2. Bg2 f5 3. c4 Nf6 4.
Nh3 Bc5 5. O-O O-O 6. Nc3 d6 7. Na4 Bb6 8. d3 h6 9. Nxb6 axb6 10. b4 Qe8 11. e3 Qg6 12. f4 Nc6 13. Bd2 Ra3 14. Qc2 Qh5 15. Nf2 Kh8 16. b5 Ne7 17. fxe5 Nh7 18. exd6 cxd6 19. Bb4 Ra8 20. Bxd6 Re8 21.
Nh3 Ng6 22. Rae1 Nf6 23. Nf2 Ne5 24. Bxe5 Rxe5 25. Qe2 Qe8 26. Qd2 Ra3 27. Re2 f4 28. gxf4 Rh5 29. Ne4 Ng4 30. Bf3 Qg6 31. Rg2 Rh3 32.
Bxg4 Bxg4 33. Nf2 1-0

[Event "*** Titled Tuesday Blitz"]
[Site "Chess.com"]
[Date "2020.04.28"]
[Round "4"]
[White "doctorcristian"]
[Black "NIGWAPO"]
[Result "1/2-1/2"]
[WhiteElo "2335"]
[BlackElo "2593"]
[TimeControl "180+1"]
[EndTime "10:40:27 PDT"]
[Termination "Game drawn - insufficient material"]

1. d4 Nf6 2. Nc3 d5 3. Bf4 Bf5 4. f3 e6 5. g4 Bg6 6. h4 h5 7.
g5 Nfd7 8. e3 c5 9. Nb5 Na6 10. c3 Qb6 11. Bd3 c4 12. Bxg6 Qxb5 13. Bc2 Qxb2 14. Ne2 Qa3 15. g6 f6 16. e4 Bd6 17.
exd5 exd5 18. Qd2 O-O-O 19. O-O Rhe8 20. Ng3 Bxf4 21. Qxf4 Qxc3 22. Bf5 Qe3+ 23. Qxe3 Rxe3 24. Nxh5 Re7 25. Rfe1 Rde8 26. Kf2 Kd8 27. Nf4 Nc7 28. h5 Nf8 29. a4 b6 30. Rxe7 Rxe7 31. Rg1 Nce6 32. Nxd5 Rd7 33. Bxe6 Nxe6 34. Nxf6 Rxd4 35. Ne4 Rd7 36. Ng5 Nf4 37. Rg4 Nd3+ 38. Ke3 Ne5 39. Rd4 c3 40. Rxd7+ Kxd7 41. f4 Ng4+ 42. Kd3 Nf6 43.
h6 gxh6 44. Nh7 Ke6 45. Kxc3 h5 46. Ng5+ Kf5 47. g7 Kxf4 48. Nh7 Ng8 49. Nf8 h4 50. Ng6+ Kg5 51. Nxh4 Kxh4 52. Kc4 Kg5 53. Kb5 Kf6 54. a5 Kxg7 55. axb6 axb6 56. Kxb6 1/2-1/2

[Event "*** Titled Tuesday Blitz"]
[Site "Chess.com"]
[Date "2020.04.28"]
[Round "4"]
[White "Bubi6"]
[Black "Usurpov"]
[Result "0-1"]
[WhiteElo "2635"]
[BlackElo "2476"]
[TimeControl "180+1"]
[EndTime "10:40:28 PDT"]
[Termination "Usurpov won on time"]

1. e4 c5 2. Nf3 e6 3. d4 cxd4 4.
Nxd4 Nf6 5. Nc3 Nc6 6. Ndb5 d6 7. Bf4 e5 8. Bg5 a6 9. Na3 Be6 10. Nc4 Rb8 11. Ne3 Be7 12. Be2 Nxe4 13. Nxe4 Bxg5 14.
Nxd6+ Kf8 15. O-O Bxe3 16. fxe3 Ke7 17. Ne4 Qxd1 18. Raxd1 Rbd8 19. Nc5 Rxd1 20. Rxd1 Bc8 21. Bf3 Rd8 22. Rc1 Rd2 23. Bxc6 bxc6 24. b4 Be6 25. a4 f5 26. Nxa6 Bd5 27. c4 Rxg2+ 28.
Kf1 Rxh2 29. Rc3 Bf3 30. b5 g5 31. b6 g4 32. e4 fxe4 33. Ke1 g3 34. b7 g2 0-1

[Event "*** Titled Tuesday Blitz"]
[Site "Chess.com"]
[Date "2020.04.28"]
[Round "4"]
[White "VqquyenCFT"]
[Black "djogrodek1"]
[Result "1-0"]
[WhiteElo "2228"]
[BlackElo "2559"]
[TimeControl "180+1"]
[EndTime "10:40:28 PDT"]
[Termination "VqquyenCFT won by resignation"]

1. e4 c5 2. Nf3 e6 3. c3 Nf6 4. e5 Nd5 5. Bc4 d6 6. d4 cxd4 7. cxd4 Nc6 8. O-O Be7 9. Qe2 O-O 10. Re1 b6 11. a3 Bb7 12. Bxd5 exd5 13. Nc3 Na5 14.
e6 Rc8 15. Bf4 Kh8 16. Bg3 Nc4 17. exf7 Rxf7 18. Qe6 Qf8 19. Re2 Nxb2 20. Nxd5 Bxd5 21. Qxd5 Nd3 22. Qe4 Rc3 23. Rd1 Nc1 24. Re3 d5 25.
Qe6 Rc8 26. Ne5 Rf6 27. Qxd5 Bxa3 28. Nd7 Qd8 29. Nxf6 Qxf6 30. Be5 Qg6 31. Rg3 Ne2+ 32. Kf1 Nxg3+ 33. hxg3 Rf8 34. Kg1 Be7 35. Qd7 Bf6 36. Qxa7 Qc2 37. Rf1 Bxe5 38. dxe5 Qc5 39. e6 Re8 40.
Qd7 Qe7 41. Rc1 g6 42. Rc7 Qxd7 43. exd7 Re1+ 44. Kh2 Kg7 45. d8=Q+ Kh6 1-0

[Event "*** Titled Tuesday Blitz"]
[Site "Chess.com"]
[Date "2020.04.28"]
[Round "4"]
[White "WelshTiger"]
[Black "Winehouse83"]
[Result "0-1"]
[WhiteElo "2336"]
[BlackElo "2527"]
[TimeControl "180+1"]
[EndTime "10:40:28 PDT"]
[Termination "Winehouse83 won by resignation"]

1. e4 c5 2. Nf3 e6 3. d4 cxd4 4. Nxd4 Nc6 5. Nb5 d6 6. c4 Nf6 7.
N1c3 a6 8. Na3 Be7 9. Be3 O-O 10. Be2 b6 11. O-O Bb7 12. Qb3 Nd7 13. Rfd1 Qc7 14.
Rd2 Nc5 15. Qd1 Ne5 16. f3 f5 17. exf5 Rxf5 18. Rc1 Raf8 19. Nc2 R5f6 20. Nd4 Rg6 21.
Kh1 Ncd7 22. Ne4 Nc5 23. Ng3 Bh4 24. Nf1 Qe7 25. b4 Ncd7 26. Qb3 Bg5 27. Bd1 Bxe3 28. Qxe3 Qh4 29. c5 bxc5 30. bxc5 Nxc5 31. Rxc5 dxc5 32. Qxe5 cxd4 33. Rxd4 Qf2 34. Ng3 Bd5 35. Bc2 Rh6 36. Bb3 Bxb3 37. axb3 Qb2 38. Rd1 Qxe5 0-1

[Event "*** Titled Tuesday Blitz"]
[Site "Chess.com"]
[Date "2020.04.28"]
[Round "4"]
[White "Alopekos"]
[Black "Petrosyan_Tigran"]
[Result "1-0"]
[WhiteElo "2396"]
[BlackElo "2561"]
[TimeControl "180+1"]
[EndTime "10:40:29 PDT"]
[Termination "Alopekos won by resignation"]

1. e4 e5 2. Nf3 Nc6 3. Bb5 a6 4. Ba4 Nge7 5. Nc3 d6 6. O-O g6 7. d4 b5 8. Bb3 Bg7 9. Nd5 h6 10. dxe5 Nxe5 11. Nxe5 dxe5 12. Qf3 O-O 13. Nf6+ Bxf6 14.
Qxf6 Qd6 15. Qxd6 cxd6 16. Bxh6 Re8 17. Rad1 Bb7 18. f4 Bxe4 19. fxe5 d5 20. Bg5 Nc6 21. Bxd5 Bxd5 22. Rxd5 Nxe5 23. Bf6 Ng4 24. Bd4 Rad8 25. Rxd8 Rxd8 26. c3 b4 27. h3 Nh6 28. g4 bxc3 29. bxc3 f5 30. g5 Nf7 31. h4 Re8 32. Rb1 Nd6 33. Rb6 Nb5 34. Rxg6+ Kf7 35. Rf6+ Ke7 36. Rxf5 Nxd4 37. cxd4 Rb8 38. Kg2 Rb4 39. h5 Rxd4 40.
h6 Ke6 41. Rf6+ Ke5 42. h7 Rh4 43. Rh6 Rg4+ 44. Kh3 Rxg5 45. h8=Q+ Kf5 46. Rh5 Rxh5+ 47. Qxh5+ 1-0

[Event "*** Titled Tuesday Blitz"]
[Site "Chess.com"]
[Date "2020.04.28"]
[Round "4"]
[White "Efremov_Vlad"]
[Black "kuba2006"]
[Result "1-0"]
[WhiteElo "2151"]
[BlackElo "2398"]
[TimeControl "180+1"]
[EndTime "10:40:29 PDT"]
[Termination "Efremov_Vlad won on time"]

1. c4 Nf6 2. d4 e6 3. Nf3 Bb4+ 4. Bd2 Qe7 5. g3 b6 6. Bg2 Bb7 7. O-O O-O 8. Nc3 d6 9. a3 Bxc3 10. Bxc3 Nbd7 11. b4 c5 12. dxc5 dxc5 13. Qb3 Rfd8 14. Qb2 Rac8 15. b5 Ne8 16. Rfd1 f6 17. Rd2 Nd6 18. Qb3 Ne4 19. Rd3 Nxc3 20. Qxc3 e5 21. Nd2 Bxg2 22. Kxg2 Nf8 23. Ne4 Rxd3 24. Qxd3 Rd8 25.
Qc2 Qd7 26. Nc3 Qd2 27. Rc1 Ne6 28. Nd5 Rxd5 29. cxd5 Qxd5+ 30. Kg1 Nd4 31. Qd3 e4 32. Qe3 Nxb5 33. a4 Nd4 34. f3 Qe5 35. fxe4 f5 36. Kf2 fxe4 37. Rf1 Nc2 38. Qb3+ Kh8 39. Qxc2 e3+ 40. Kg1 g6 41. Qd3 Kg7 42. Qd7+ Kh6 43. Qxa7 1-0

[Event "*** Titled Tuesday Blitz"]
[Site "Chess.com"]
[Date "2020.04.28"]
[Round "4"]
[White "tsvet2005"]
[Black "vugarrasulov"]
[Result "0-1"]
[WhiteElo "2511"]
[BlackElo "2761"]
[TimeControl "180+1"]
[EndTime "10:40:30 PDT"]
[Termination "vugarrasulov won by resignation"]

1. d4 Nf6 2. c4 c5 3. d5 e6 4. Nc3 exd5 5. cxd5 Bd6 6. Nf3 O-O 7. g3 Bc7 8. d6 Ba5 9. Bg2 Ne4 10. O-O Nxc3 11. bxc3 Bxc3 12. Rb1 Nc6 13. Qd3 Bf6 14. e4 Re8 15.
Re1 Ne5 16. Nxe5 Bxe5 17. Be3 Qf6 18. Bxc5 b6 19. Ba3 Bb7 20. Rbd1 Rac8 21. Rc1 g5 22.
Rc7 Rxc7 23. dxc7 Bc6 24. Qa6 Bxc7 25. Qxa7 Be5 26. Qa6 Bc3 27. Rc1 Bd4 28. Qe2 Qe6 29. h3 h6 30. Kh2 Bxe4 31. Bxe4 Qxe4 32. Qxe4 Rxe4 33. Rc4 d5 34. Rb4 Bxf2 35. Rxe4 dxe4 36. Kg2 Bd4 37. Kf1 f5 38. Ke2 Kf7 39. h4 Ke6 40.
hxg5 hxg5 41. Bc1 Kf6 42. a4 Kg6 43. Bd2 Kh5 44. a5 bxa5 45. Bxa5 Kg4 46. Bd8 Be5 47. Ke3 Bxg3 48. Ba5 Bf4+ 49. Ke2 Kg3 50. Bd8 g4 51. Bb6 Kh3 52. Bf2 g3 53. Ba7 Kg4 54.
Kf1 Kf3 55. Bf2 g2+ 56. Kg1 Bh2+ 57. Kxh2 Kxf2 58. Kh3 g1=Q 59. Kh4 0-1

[Event "*** Titled Tuesday Blitz"]
[Site "Chess.com"]
[Date "2020.04.28"]
[Round "4"]
[White "AlexOstrovskiy"]
[Black "dbrankovic68"]
[Result "0-1"]
[WhiteElo "2547"]
[BlackElo "2360"]
[TimeControl "180+1"]
[EndTime "10:40:30 PDT"]
[Termination "dbrankovic68 won on time"]

1. d4 Nf6 2. Bg5 Ne4 3. h4 c5 4.
d5 Qb6 5. Nd2 Nxd2 6. Bxd2 d6 7.
e4 Nd7 8. Bc3 Nf6 9. f3 e5 10.
Qd2 Qc7 11. Ne2 b5 12. a3 a5 13. Ng3 Bd7 14. b3 h5 15. f4 Ng4 16. Be2 Be7 17. Nf5 Bf6 18. Bxg4 hxg4 19. fxe5 dxe5 20. g3 Ra7 21.
O-O b4 22. Bb2 O-O 23. Ne3 a4 24. axb4 axb3 25. cxb3 cxb4 26. Kg2 Rfa8 27. Rac1 Qd6 28. Nc4 Qb8 29. Rxf6 gxf6 30. Rf1 Kg7 31. h5 Ra2 32. h6+ Kg6 33. Rf2 Qh8 34. Qxb4 Qxh6 0-1